 Dungeon Crawl Stone Soup version 0.30-a0-939-gc8157cb160 (webtiles) character file.

Game seed: 4088720597066512455

728 ThatPearl the Trooper (level 7, -1/51 HPs)
             Began as an Octopode Fighter on Mar 25, 2023.
             Was an Initiate of Gozag.
             Slain by a killer bee (7 damage)
             ... on level 4 of the Dungeon.
             The game lasted 00:09:11 (3320 turns).

ThatPearl the Trooper (Octopode Fighter)            Turns: 3320, Time: 00:09:11

Health: -1/51      AC:  1    Str: 15    XL:     7   Next: 72%
Magic:  7/7        EV: 15    Int: 12    God:    Gozag
Gold:   158        SH:  0    Dex: 18    Spells: 6/6 levels left

rFire   . . .      SeeInvis .    a - +0 war axe
rCold   . . .      Faith    .    b - +0 buckler
rNeg    . . .      Spirit   .    (helmet restricted)
rPois   .          Reflect  .    (no amulet)
rElec   .          Rampage  .    g - +6 ring of dexterity
rCorr   .                        (no ring)
Will    .....                    (no ring)
Stlth   ++                       (no ring)
HPRegen 0.28/turn                (no ring)
MPRegen 0.10/turn                (no ring)
                                 (no ring)
                                 (no ring)

@: confused, mighty, lethally poisoned (-1 -> -2), ambrosia-drunk, gold aura
A: almost no armour, amphibious, 8 rings, camouflage 1, gelatinous body 1,
(nimble swimmer 1), tentacles
a: Renounce Religion, Potion Petition, Call Merchant, Bribe Branch


You were on level 4 of the Dungeon.
You worshipped Gozag.
Gozag was aware of your devotion.
You visited 2 branches of the dungeon, and saw 5 of its levels.

You collected 220 gold pieces.
You paid 62 gold pieces to Gozag.

Inventory:

Hand Weapons
 a - a +0 war axe (weapon)
 d - a +0 sling
 j - a +0 sling
 o - a +0 dagger of venom
 y - a +1 flail of venom
Missiles
 e - 20 stones
 v - 11 poisoned darts (quivered)
 G - 2 throwing nets
Armour
 b - a +0 buckler (worn)
Magical Staves
 i - a staff of cold
Jewellery
 g - a +6 ring of dexterity (left tentacle)
Scrolls
 h - a scroll of magic mapping {unknown}
 k - 3 scrolls of identify {unknown}
 m - a scroll of vulnerability {unknown}
 n - a scroll of poison {unknown}
 p - a scroll of immolation {unknown}
 q - 3 scrolls of teleportation {unknown}
 t - 2 scrolls of fog {unknown}
 z - a scroll of amnesia {unknown}
 C - a scroll of summoning {unknown}
 E - a scroll of fear {unknown}
Potions
 c - 2 potions of might
 f - a potion of berserk rage {unknown}
 l - a potion of cancellation
 r - a potion of degeneration
 s - a potion of flight {unknown}
 w - a potion of brilliance {unknown}
 x - a potion of resistance {unknown}
 A - a potion of haste {unknown}
 B - a potion of lignification {unknown}
 D - 2 potions of heal wounds {unknown}
 F - 2 potions of curing {unknown}


   Skills:
 + Level 5.7 Fighting
 + Level 5.2 Axes
 + Level 5.4 Dodging
 - Level 3.0 Shields


You had 6 spell levels left.
You didn't know any spells.
Your spell library was empty.

Dungeon Overview and Level Annotations

Branches:
Dungeon (4/15)             Temple (1/1) D:4

Altars:
Cheibriados
Gozag
Makhleb
Okawaru
Sif Muna
Trog
Uskayaw
Vehumet
Wu Jian
Xom
Yredelemnul
Zin
Lugonu

Shops:
D:2 (

Annotations:
D:2 Sigmund


Innate Abilities, Weirdness & Mutations

You cannot wear most types of armour.
You are amphibious.
You can wear up to eight rings at the same time.
Your skin changes colour to match your surroundings (Stealth+).
Your rubbery body absorbs attacks. (AC +1, EV +1)
((You are camouflaged when in or above water. (Stealth+)))
You have tentacles for arms and can constrict up to eight enemies at once.


Message History

You feel very sick. You block the killer bee's attack.
The killer bee closely misses you.
You hit the killer bee. Your grab misses the killer bee.
The killer bee is severely wounded.
You feel very sick. The killer bee completely misses you.
You slash the killer bee! Your grab misses the killer bee.
The killer bee is heavily wounded.
You feel sick. The killer bee barely misses you.
The killer bee closely misses you. x2
You miss the killer bee. You grab the killer bee.
The killer bee is moderately wounded.
You constrict the killer bee.
You feel sick. The killer bee closely misses you. The killer bee stings you!
You are more poisoned.
The killer bee poisons you!
You slash the killer bee!
You kill the killer bee!
You feel very sick. The killer bee completely misses you.
You block the killer bee's attack.
You barely miss the killer bee. You grab the killer bee.
The killer bee is heavily wounded.
You constrict the killer bee.
You feel sick. The killer bee barely misses you. x2
The killer bee stings you!
You barely miss the killer bee. You squeeze the killer bee.
You kill the killer bee!
You feel sick. The killer bee barely misses you.
You miss the killer bee. You grab the killer bee. You constrict the killer bee.
You feel sick. The killer bee stings you!
* * * LOW HITPOINT WARNING * * *
The killer bee misses you. You block the killer bee's attack.
You feel very mighty all of a sudden.
You constrict the killer bee.
You feel sick. The killer bee barely misses you. The killer bee stings you.
* * * LOW HITPOINT WARNING * * *
You are confused.
You feel invigorated.
You constrict the killer bee.
You feel sick. The killer bee misses you. The killer bee stings you!
You die...
Your body crumbles into a pile of gold.

##8## ##...## #8...8# ######
##.....## #....# ...._..8#.
#....# ##.....##.. #....#
#8.^.8#.... #....#
###...##.....##############....##
..##8##......yyy@................
###### ......####################
....# ..?.. #........... ....#
#### #.##########
....##################.##### #
....'.....................># #
....#...#######.............# #
....###..######.............# #
.............##.............# #


You could see 3 killer bees.

Vanquished Creatures
  2 black bears (D:4)
  An ogre (D:4)
  A phantom (D:4)
  3 scorpions
  2 killer bees (D:4)
  4 gnolls (D:4)
  An adder (D:4)
  A worm (D:2)
  3 dart slugs
  4 orcs (D:3)
  7 ball pythons
  2 endoplasms
  2 giant cockroaches
  5 hobgoblins
  2 jackals (D:4)
  6 kobolds (D:1)
  5 quokkas (D:1)
  2 bats (D:2)
  2 frilled lizards
  7 goblins
  A rat (D:1)
63 creatures vanquished.

Notes
Turn   | Place    | Note
-------+----------+-------------------------------------------
     0 | D:1      | ThatPearl the Octopode Fighter began the quest for the Orb.
     0 | D:1      | Reached XP level 1. HP: 16/16 MP: 1/1
    39 | D:1      | Upgraded the game from 0.30-a0-937-ga0a21ad780 to
                  | 0.30-a0-939-gc8157cb160
   139 | D:1      | Reached XP level 2. HP: 21/21 MP: 2/2
   758 | D:1      | Reached XP level 3. HP: 24/26 MP: 3/3
  1078 | D:2      | Found Souleza's Antique Weapon Shoppe.
  1200 | D:2      | Noticed Sigmund
  1467 | D:2      | Found a shimmering altar of Xom.
  1629 | D:3      | Noticed a scorpion
  1635 | D:3      | Killed a scorpion
  1636 | D:3      | Reached XP level 4. HP: 8/33 MP: 4/4
  1700 | D:3      | Found a radiant altar of Vehumet.
  1912 | D:3      | Reached XP level 5. HP: 37/37 MP: 5/5
  1997 | D:3      | Found a shimmering blue altar of Sif Muna.
  2316 | D:3      | Found a faded altar of an unknown god.
  2495 | D:4      | Found a burning altar of Makhleb.
  2622 | D:4      | Noticed an ogre
  2630 | D:4      | Killed an ogre
  2631 | D:4      | Reached XP level 6. HP: 31/44 MP: 6/6
  2705 | D:4      | Found a staircase to the Ecumenical Temple.
  2716 | Temple   | Entered the Ecumenical Temple
  2741 | Temple   | Became a worshipper of Gozag Ym Sagoz the Greedy
  2830 | D:4      | Found an iron altar of Okawaru.
  2858 | D:4      | Noticed a black bear
  2864 | D:4      | Killed a black bear
  2925 | D:4      | Noticed a black bear
  2934 | D:4      | Killed a black bear
  2935 | D:4      | Reached skill level 5 in Fighting
  2935 | D:4      | Reached XP level 7. HP: 33/50 MP: 7/7
  3126 | D:4      | Reached skill level 5 in Dodging
  3182 | D:4      | Found an ornate altar of the Wu Jian Council.
  3226 | D:4      | Reached skill level 5 in Axes
  3319 | D:4      | HP: 2/51 [killer bee (6)]
  3320 | D:4      | Slain by a killer bee

Illustrated notes

Levels and vault maps discovered:
D:1:      psy_arrival_statuary, layout_basic
D:2:      layout_loops_cross, basic_altar, serial_shops, shop,
          minmay_tetromino_i2, uniq_sigmund
D:3:      layout_basic, mainiacjoe_overflow_alcove_1,
          mainiacjoe_overflow_brackets, chequers_ecumenical_altar_island
D:4:      layout_basic, mainiacjoe_overflow_cross_hatched,
          mainiacjoe_overflow_surrounded_room, nzn_wu_jian_council_hall,
          nicolae_hepliaklqana_hippocampus, minmay_temple_entry_water_ring
Temple:   corrupted_temple

Skill      XL: |  1  2  3  4  5  6  7 |
---------------+----------------------+-----
Fighting       | 4 5 |  5.7
Axes           | 3 4 5 |  5.2
Dodging        | 4 5 |  5.4
Shields        | |  3.0

Action                     |  1- 3 |  4- 6 |  7- 9 || total
---------------------------+-------+-------+-------++-------
  Melee: War axe           |    65 |    45 |    26 ||   136
         Constrict         |    14 |     7 |     7 ||    28
         Tentacles         |     8 |     8 |     8 ||    24
         Punch             |       |     4 |     1 ||     5
  Throw: Stone             |       |     8 |       ||     8
         Dart              |       |     2 |     2 ||     4
    Use: Potion            |       |     3 |     2 ||     5
   Stab: Sleeping          |     9 |     6 |       ||    15
 Armour: Skin              |     7 |     2 |       ||     9
  Dodge: Dodged            |    40 |    34 |    30 ||   104
  Block: Buckler           |    10 |    12 |    10 ||    32

Table legend: (Time is in decaauts)
 A = Elapsed time spent in this place.
 B = Non-inter-level travel time spent in this place.
 C = Inter-level travel time spent in this place.
 D = Time resting spent in this place.
 E = Time spent auto-exploring this place.
 F = Levels seen in this place.
 G = Mean time per level.
                   A        B        C        D        E       F      G
               +--------+--------+--------+--------+--------+-----+--------+
         Total |   3372 |   3247 |    125 |      5 |   2362 |   5 |  674.4 |
       Dungeon |   3328 |   3221 |    107 |      5 |   2351 |   4 |  832.0 |
        Temple |     43 |     25 |     18 |      0 |     11 |   1 |   43.0 |
               +--------+--------+--------+--------+--------+-----+--------+

Top non-repeatable levels by time:
     D:1: 1032 daAuts
     D:4: 869 daAuts
     D:3: 809 daAuts
     D:2: 617 daAuts
  Temple: 43 daAuts
